 Dungeon Crawl Stone Soup version 0.23-a0-303-gfcac5de (webtiles) character file.

1288 CozyGlow the Quickloader (level 8, -2/51 HPs)
             Began as a Kobold Hunter on Oct 9, 2018.
             Was a Follower of Nemelex Xobeh.
             Slain by a slave (5 damage)
             ... led by Pikel
             ... on level 3 of the Dungeon.
             The game lasted 00:24:06 (6669 turns).

CozyGlow the Quickloader (Kobold Hunter)            Turns: 6669, Time: 00:24:07

Health: -2/51      AC: 10    Str:  8 (9)  XL:     8   Next: 85%
Magic:  8/8        EV: 12    Int: 11 (13) God:    Nemelex Xobeh [*.....]
Gold:   281        SH:  0    Dex: 15 (17) Spells: 7/7 levels left

rFire    . . .     SeeInvis .   y - +0 dagger
rCold    . . .     Gourm    .   (shield restricted)
rNeg     . . .     Faith    .   x - +0 scale mail
rPois    .         Spirit   .   H - +0 helmet
rElec    .         Reflect  .   G - +0 cloak
rCorr    .         Harm     .   r - +0 pair of gloves
MR       .....                  o - +0 pair of boots
Stlth    ++........             (no amulet)
HPRegen  0.17/turn              J - ring of stealth {Stlth+}
MPRegen  0.11/turn              (no ring)

@: no status effects
A: small, carnivore
a: Renounce Religion


You were on level 3 of the Dungeon.
You worshipped Nemelex Xobeh.
Nemelex Xobeh was aware of your devotion.
You were very full.

You visited 2 branches of the dungeon, and saw 7 of its levels.

You collected 281 gold pieces.

Inventory:

Hand Weapons
 a - a +2 hand crossbow
 b - a +0 short sword
 l - a +0 shortbow
   (You took it off a centaur on level 5 of the Dungeon)
 y - a +0 dagger (weapon)
   (You took it off a kobold on level 3 of the Dungeon)
 E - a +2 falchion of holy wrath
   (You took it off Robin on level 3 of the Dungeon)
Missiles
 d - 7 bolts
Armour
 c - a +0 leather armour
 o - a +0 pair of boots (worn)
   (You found it on level 3 of the Dungeon)
 r - a +0 pair of gloves (worn)
   (You found it on level 1 of the Dungeon)
 t - a +0 pair of gloves
   (You found it on level 2 of the Dungeon)
 x - a +0 scale mail (worn)
   (You found it on level 3 of the Dungeon)
 C - a +0 helmet
   (You took it off Robin on level 3 of the Dungeon)
 G - a +0 cloak (worn)
   (You found it on level 4 of the Dungeon)
 H - a +0 helmet (worn)
   (You found it on level 4 of the Dungeon)
Magical Staves
 D - an uncursed staff of air {unknown}
   (You found it on level 4 of the Dungeon)
Jewellery
 J - a ring of stealth (left hand) {Stlth+}
   (You found it on level 5 of the Dungeon)
Scrolls
 e - a scroll of remove curse
 h - 2 scrolls of immolation {!r}
 i - 7 scrolls of teleportation
 j - a scroll of amnesia {unknown}
 k - a scroll of enchant armour
 m - a scroll of fear {unknown}
 n - a scroll of blinking {!r}
 B - 2 scrolls of enchant weapon
 F - a scroll of magic mapping {!r}
 K - a scroll of fog {unknown}
Potions
 p - 4 potions of agility
 q - 2 potions of resistance
 s - a potion of brilliance {unknown}
 u - a potion of magic {unknown}
 w - a potion of berserk rage {unknown}
 A - 3 potions of flight
 L - a potion of cancellation {unknown}
Comestibles
 f - 8 rations


   Skills:
 + Level 6.3 Fighting
 + Level 4.3 Short Blades
 - Level 9.2 Crossbows
 + Level 4.9 Dodging
 + Level 3.1 Stealth


You had 7 spell levels left.
You didn't know any spells.
Your spell library was empty.

Dungeon Overview and Level Annotations

Branches:
Dungeon (6/15)             Temple (1/1) D:5

Altars:
Ashenzari
Dithmenos
Elyvilon
Hepliaklqana
Kikubaaqudgha
Makhleb
Nemelex Xobeh
Qazlal
Ru
Sif Muna
Vehumet
Wu Jian
Xom
Yredelemnul

Shops:
D:6 }

Annotations:
D:6 Pikel


Innate Abilities, Weirdness & Mutations

You are small and have problems with some larger weapons.
You are carnivorous and can eat meat at any time.


Message History

[Y]es or [N]o only, please.
Really attack while wielding your +0 shortbow? [Y]es or [N]o only, please.
Really attack while wielding your +0 shortbow?
Okay, then.
Wield which item (- for none, * to show all)? (? for menu, Esc to quit)
y - a +0 dagger (weapon)
You hit the slave but do no damage. The slave hits you but does no damage.
You hit the slave but do no damage. The slave hits you but does no damage.
You barely miss the slave. The slave hits you!
You take 8 damage, and have 37/51 hp.
You hit the slave but do no damage. You closely miss the slave.
The slave barely misses you.
You closely miss the slave. The slave closely misses you.
You hit the slave. The slave barely misses you.
You closely miss the slave. You hit the slave. The slave barely misses you.
You hit the slave but do no damage. The slave misses you.
You hit the slave but do no damage. The slave hits you.
You take 2 damage, and have 36/51 hp.
You closely miss the slave. The slave closely misses you.
You hit the slave but do no damage. You closely miss the slave.
The slave hits you but does no damage.
You hit the slave. The slave hits you but does no damage.
You hit the slave but do no damage. The slave closely misses you.
You barely miss the slave. You closely miss the slave.
The slave hits you but does no damage.
Your scale mail prevents you from hitting the slave.
The slave hits you but does no damage.
You closely miss the slave. The slave closely misses you.
You hit the slave but do no damage. The slave barely misses you.
You hit the slave but do no damage. You closely miss the slave.
The slave misses you.
You hit the slave but do no damage. The slave hits you but does no damage.
You closely miss the slave. The slave barely misses you.
You closely miss the slave. You hit the slave but do no damage.
The slave hits you but does no damage.
You hit the slave. The slave hits you but does no damage.
You hit the slave but do no damage. The slave hits you.
You take 3 damage, and have 35/51 hp.
You hit the slave but do no damage. The slave closely misses you.
You hit the slave but do no damage. You barely miss the slave.
The slave barely misses you.
You closely miss the slave. The slave barely misses you.
You hit the slave but do no damage. The slave hits you.
You take 1 damage, and have 35/51 hp.
You hit the slave but do no damage. The slave hits you!
You take 7 damage, and have 28/51 hp.
You hit the slave but do no damage. You hit the slave.
The slave hits you but does no damage.
You closely miss the slave. The slave closely misses you.
You closely miss the slave. The slave hits you.
You take 3 damage, and have 26/51 hp.
You closely miss the slave. You hit the slave but do no damage.
The slave barely misses you.
You closely miss the slave. The slave hits you.
You take 4 damage, and have 22/51 hp.
You hit the slave but do no damage. The slave hits you but does no damage.
You closely miss the slave. The slave misses you.
You hit the slave. You hit the slave but do no damage.
The slave barely misses you.
You miss the slave. The slave hits you but does no damage.
You hit the slave. The slave completely misses you.
You closely miss the slave. You hit the slave but do no damage.
The slave hits you.
You take 3 damage, and have 20/51 hp.
You hit the slave but do no damage. The slave closely misses you.
You barely miss the slave. The slave hits you but does no damage.
You hit the slave but do no damage. The slave hits you!
* * * LOW HITPOINT WARNING * * *
You hit the slave but do no damage. You hit the slave but do no damage.
The slave hits you.
* * * LOW HITPOINT WARNING * * *
You hit the slave but do no damage. The slave hits you.
* * * LOW HITPOINT WARNING * * *
You closely miss the slave. The slave closely misses you.
You hit the slave. The slave misses you.
You take 15 damage, and have 6/51 hp.
MASSIVE DAMAGE!!
You barely miss the slave. You hit the slave but do no damage.
The slave barely misses you.
Your scale mail prevents you from hitting the slave.
The slave barely misses you.
You closely miss the slave. The slave barely misses you.
You barely miss the slave. The slave barely misses you.
You hit the slave. You barely miss the slave. The slave hits you.
* * * LOW HITPOINT WARNING * * *
You hit the slave but do no damage. The slave closely misses you.
You take 4 damage, and have 3/51 hp.
You hit the slave. The slave hits you.
* * * LOW HITPOINT WARNING * * *
Your scale mail prevents you from hitting the slave.
The slave barely misses you.
You closely miss the slave.
Your scale mail prevents you from hitting the slave.
The slave closely misses you.
You closely miss the slave. The slave hits you.
You die...
Your body disappears without a glow.

#...)...+.#...#...# ########
#..######.##.##...###### #)..#
####.####......# #.#.##### ##.##
#####..#
#####.#.#...###...###...#>.#
#.....#...♣....._.....♣....#
#.#######...###...###...#..#
#.....# ##### ##p## #####..######
##....# #@# #......... .#....#
##.## #......... #.....# #...#
#......... .#....# ######.♣.#
#......... ##....# #....#...#
##........
##....####....##.########........
................................)
##....######......########..##.##
#....# #......# #..##.#


You could see a slave.

Vanquished Creatures
  Eustachio (D:5)
  A sky beast (D:5)
  3 ogres (D:5)
  2 centaurs
  A scorpion (D:5)
  2 howler monkeys
  A hound (D:5)
  An orc priest (D:5)
  Crazy Yiuf (D:5)
  A centaur skeleton (D:6)
  An iguana (D:4)
  2 orc wizards
  A worker ant (D:6)
  Robin (D:3)
  5 adders
  A shadow imp (D:4)
  An ooze (D:4)
  An adder zombie (D:5)
  An adder skeleton (D:4)
  A worm (D:3)
  9 dart slugs
  2 leopard geckos
  14 orcs
  2 giant cockroaches (D:1)
  15 goblins
  8 hobgoblins
  11 jackals
  10 kobolds
  2 ball pythons
  7 bats
  5 frilled lizards
  A leopard gecko skeleton (D:4)
  A quokka skeleton (D:5)
  9 rats
125 creatures vanquished.

Vanquished Creatures (collateral kills)
  Edmund (D:5)
1 creature vanquished.

Grand Total: 126 creatures vanquished

Notes
Turn   | Place    | Note
-------+----------+-------------------------------------------
     0 | D:1      | CozyGlow the Kobold Hunter began the quest for the Orb.
     0 | D:1      | Reached XP level 1. HP: 12/12 MP: 1/1
    99 | D:1      | Reached skill level 5 in Crossbows
   110 | D:1      | Reached XP level 2. HP: 18/18 MP: 2/2
   316 | D:1      | Reached XP level 3. HP: 22/22 MP: 3/3
   792 | D:2      | Reached skill level 3 in Fighting
   870 | D:2      | Reached XP level 4. HP: 28/28 MP: 4/4
   890 | D:2      | Reached skill level 6 in Crossbows
  1721 | D:3      | Found a shadowy altar of Dithmenos.
  1765 | D:3      | Found a white marble altar of Elyvilon.
  1817 | D:3      | Reached XP level 5. HP: 32/32 MP: 5/5
  2367 | D:3      | Noticed Robin
  2378 | D:3      | Killed Robin
  2704 | D:4      | Found a deep blue altar of Sif Muna.
  2801 | D:4      | Reached skill level 7 in Crossbows
  3530 | D:4      | Reached skill level 4 in Fighting
  3530 | D:4      | Reached XP level 6. HP: 35/38 MP: 6/6
  3803 | D:5      | Entered Level 5 of the Dungeon
  3856 | D:5      | Found a staircase to the Ecumenical Temple.
  3870 | Temple   | Entered the Ecumenical Temple
  3987 | Temple   | Became a worshipper of Nemelex Xobeh the Trickster
  4032 | D:5      | Received a gift from Nemelex Xobeh
  4070 | D:5      | Reached skill level 8 in Crossbows
  4077 | D:5      | Reached XP level 7. HP: 28/44 MP: 7/7
  4481 | D:5      | Reached skill level 5 in Fighting
  4481 | D:5      | Reached skill level 1 in Short Blades
  4543 | D:5      | Noticed Edmund
  4565 | D:5      | Killed Edmund
  4565 | D:5      | Reached skill level 3 in Dodging
  4570 | D:5      | Noticed Eustachio
  4579 | D:5      | Killed Eustachio
  4579 | D:5      | Reached skill level 2 in Short Blades
  4579 | D:5      | Reached XP level 8. HP: 50/50 MP: 8/8
  4619 | D:5      | Found a shattered altar of Ashenzari.
  4620 | D:5      | Found a burning altar of Makhleb.
  4676 | D:5      | Found a runed door.
  4748 | D:5      | Reached skill level 9 in Crossbows
  4978 | D:5      | Reached skill level 3 in Short Blades
  5237 | D:5      | Reached skill level 4 in Dodging
  5441 | D:5      | Noticed Crazy Yiuf
  5443 | D:5      | Killed Crazy Yiuf
  5565 | D:6      | Reached * piety under Nemelex Xobeh
  5581 | D:6      | Found Mozaes Lexef's Gadget Shop.
  5656 | D:6      | HP: 12/51 [worker ant (6)]
  5660 | D:6      | Reached skill level 6 in Fighting
  5660 | D:6      | Reached skill level 2 in Stealth
  5668 | D:6      | HP: 10/51 [centaur (3)]
  5669 | D:6      | HP: 3/51 [centaur (7)]
  5670 | D:6      | Reached skill level 4 in Short Blades
  5992 | D:5      | HP: 7/51 [ogre/giant club (21)]
  6277 | D:6      | HP: 10/51 [orc wizard/flail (5)]
  6287 | D:6      | HP: 10/51 [orc wizard/puff of frost (1)]
  6291 | D:6      | HP: 1/51 [orc wizard/flail (6)]
  6295 | D:6      | Reached skill level 3 in Stealth
  6365 | D:6      | Noticed Pikel
  6653 | D:3      | HP: 10/51 [slave[Pikel] (3)]
  6663 | D:3      | HP: 3/51 [slave[Pikel] (4)]
  6669 | D:3      | Slain by a slave

Vault maps used:
D:1:      dpeg_arrival_simpleton_b
D:2:      minivault_23, minmay_small_reverse_x
D:3:      elyvilon_altar_1, marbit_many_paths, first_ration, uniq_robin
D:4:      old_standard_altar
D:5:      gammafunk_temple_overflow_pools, temple_pool_b,
          uniq_crazy_yiuf_cottage, uniq_edmund, uniq_eustachio
D:6:      serial_shops, nicolae_shop_statue_plus, nicolae_shop_statue_plus,
          uniq_pikel
Temple:   dpeg_three_leaves_temple

Skill      XL: |  1  2  3  4  5  6  7  8 |
---------------+-------------------------+-----
Crossbows      | 5 6 7 8 9 |  9.2
Fighting       | 3 4 5 6 |  6.3
Short Blades   | 2 4 |  4.3
Dodging        | 3 4 |  4.9
Stealth        | 3 |  3.1

Action                   |  1- 3 |  4- 6 |  7- 9 || total
-------------------------+-------+-------+-------++-------
Melee: Dagger            |       |       |    95 ||    95
       Short sword       |       |       |    59 ||    59
       Falchion          |       |       |    14 ||    14
 Fire: Hand crossbow     |    61 |   191 |    47 ||   299
       Shortbow          |       |       |    12 ||    12
Evoke: Wand              |       |     2 |    12 ||    14
       Deck              |       |     1 |     4 ||     5
  Use: Scroll            |     3 |     3 |     3 ||     9
       Potion            |       |       |     9 ||     9
  Eat: Chunk             |     8 |     9 |     8 ||    25
Armor: Leather armour    |     1 |     5 |       ||     6
       Scale mail        |       |    32 |    68 ||   100
Dodge: Dodged            |     7 |    61 |   121 ||   189
       Rpst.: Falchion   |       |       |     8 ||     8

Table legend:
 A = Non-vault XP
 B = Vault XP
 C = Vault XP percentage of total XP
 D = Non-vault monster count
 E = Vault monster count
 F = Vault count percentage of total count
                 A         B        C        D         E       F
            +---------+---------+-------+---------+---------+-------
      Total |    1425 |     416 |  22.6 |     106 |      20 |  15.9
            +---------+---------+-------+---------+---------+-------
        D:1 |      43 |       0 |   0.0 |      20 |       0 |   0.0
        D:2 |      76 |       4 |   5.0 |      26 |       4 |  13.3
        D:3 |      28 |      38 |  57.6 |      17 |      13 |  43.3
        D:4 |     148 |       0 |   0.0 |      16 |       0 |   0.0
        D:5 |     835 |     374 |  30.9 |      19 |       3 |  13.6
        D:6 |     295 |       0 |   0.0 |       8 |       0 |   0.0
            +---------+---------+-------+---------+---------+-------

Vault maps used:
D:1:      dpeg_arrival_simpleton_b
D:2:      minivault_23, minmay_small_reverse_x
D:3:      elyvilon_altar_1, marbit_many_paths, first_ration, uniq_robin
D:4:      old_standard_altar
D:5:      gammafunk_temple_overflow_pools, temple_pool_b,
          uniq_crazy_yiuf_cottage, uniq_edmund, uniq_eustachio
D:6:      serial_shops, nicolae_shop_statue_plus, nicolae_shop_statue_plus,
          uniq_pikel
Temple:   dpeg_three_leaves_temple

Table legend:
 A = Turns spent in this place as a percentage of turns spent in the entire game.
 B = Non-inter-level travel turns spent in this place as a percentage of non-inter-level travel turns spent in the entire game.
 C = Inter-level travel turns spent in this place as a percentage of turns spent in this place.
 D = Turns resting spent in this place as a percentage of non-inter-level travel turns spent in this place.
 E = Turns spent auto-exploring this place as a percentage of non-inter-level travel turns spent in this place.
 F = Non-inter-level travel turns spent in this place divided by the number of levels of this place that you've seen.
                   A       B       C       D       E      F
               +-------+-------+-------+-------+-------+----------------------
         Total | 100.0 | 100.0 |   3.2 |  18.5 |  49.0 | 922.3
       Dungeon |  98.1 |  98.0 |   3.3 |  18.9 |  49.0 | 1054.8
        Temple |   1.9 |   2.0 |   0.0 |   0.0 |  52.0 | 127.0
               +-------+-------+-------+-------+-------+----------------------

Table legend:
 A = Kills in this place as a percentage of kills in entire the game.
 B = Kills by you in this place as a percentage of kills by you in the entire game.
 C = Kills by friends in this place as a percentage of kills by friends in the entire game.
 D = Other kills in this place as a percentage of other kills in the entire game.
 E = Experience gained in this place as a percentage of experience gained in the entire game.
 F = Experience gained in this place divided by the number of levels of this place that you have seen.
                   A       B       C       D       E      F
               +-------+-------+-------+-------+-------+----------------------
         Total | 100.0 | 100.0 | 100.0 |   N/A | 100.0 | 263.0
       Dungeon | 100.0 | 100.0 | 100.0 |   N/A | 100.0 | 306.8
               +-------+-------+-------+-------+-------+----------------------
